 Dungeon Crawl Stone Soup version 0.32-a0-329-ge6c31236d6 (webtiles) character file.

Game seed: 16119427368284094946

258 Asceticacid the Scratcher (level 5, 25/25 HPs)
             Began as a Felid Shapeshifter on Feb 16, 2024.
             Quit the game on level 3 of the Dungeon.
             The game lasted 00:04:24 (2315 turns).

Asceticacid the Scratcher (Felid Shapeshifter)      Turns: 2315, Time: 00:04:25

Health: 25/25      AC:  1    Str: 10    XL:     5   Next: 94%
Magic:  6/6        EV: 18    Int: 13    God:
Gold:   148        SH:  0    Dex: 18    Spells: 4/4 levels left
                                        Lives:  0   Deaths: 2

rFire   . .          .
                       - Unarmed
rCold   . . .        (shield unavailable)
rNeg    . . .        (body armour unavailable)
rPois   .            (helmet unavailable)
rElec   .            (cloak unavailable)
rCorr   .            (gloves unavailable)
SInv    +            (boots unavailable)
Will    .....        d - amulet of faith
Stlth   ++           k - ring of wizardry
HPRegen 0.24/turn    (no ring)
MPRegen 0.10/turn

%: faith, wizardry (x1)
@: beast-form
A: beast (slay +2), very small, claws 1, fangs 3, see invisible, shaggy fur 1,
stealthy paws, no weapons or thrown items, no armour, multi-lived
a: Begin Untransformation


You were on level 3 of the Dungeon.
You were a hulking beast.
You visited 1 branch of the dungeon, and saw 3 of its levels.

You collected 148 gold pieces.

Inventory:

Jewellery
 d - an amulet of faith (around neck)
 k - a ring of wizardry (left paw)
Talismans
 b - a beast talisman (active)
 c - a flux talisman
Scrolls
 h - a scroll of blinking {unknown}
 i - a scroll of enchant armour {unknown}
 j - 2 scrolls of teleportation
 m - a scroll of identify
Potions
 a - a potion of lignification
 e - 3 potions of curing
 f - 2 potions of heal wounds {unknown}
 g - 3 potions of might {unknown}
 l - a potion of haste {unknown}
 n - a potion of cancellation {unknown}


   Skills:
 + Level 1.2 Fighting
 + Level 3.8 Dodging
 + Level 2.9 Stealth
 + Level 4.9 Unarmed Combat
 + Level 3.6 Shapeshifting


You had 4 spell levels left.
You didn't know any spells.
Your spell library contained the following spells:

 Spells                   Type           Power      Damage    Failure   Level
 Call Imp                 Summ           0%         N/A       19%         2
 Sublimation of Blood     Necr           0%         N/A       19%         2
 Summon Hydra             Summ           0%         N/A       100%        7


Dungeon Overview and Level Annotations

Branches:
Dungeon (3/15)

Altars:
Zin

Annotations:
D:2 1 runed translucent door, Crazy Yiuf


Innate Abilities, Weirdness & Mutations

You are a hulking beast.
Your limbs bulge with bestial killing power. (Slay +2)
You have sharp claws.
You have razor-sharp teeth.
You have supernaturally acute eyesight. (SInv)
You are covered in fur. (AC +1)
Your paws help you pounce on unaware monsters.
You are incapable of wielding weapons or throwing items.
You cannot wear armour.
You gain extra lives every three experience levels.


Message History

The orc barely misses you.
You barely miss the orc.
The orc is severely wounded.
The orc barely misses you.
You scratch the orc.
You kill the orc!
No target in view!
No target in view!
No target in view!
No target in view!
No target in view!
No target in view!
No target in view!
No target in view!
No target in view!
No target in view!
No target in view!
No target in view!
No target in view!
Things that are here:
a +0 hand axe; an orc corpse
j - 2 scrolls of teleportation (gained 1)
You now have 148 gold pieces (gained 18).
You open the door.
There is an open door here.
There is a stone staircase leading down here.
Found 6 poisoned darts.
A frilled lizard is nearby!
A frilled lizard is nearby!
A frilled lizard is nearby!
A frilled lizard is nearby!
A frilled lizard is nearby!
A frilled lizard is nearby!
The frilled lizard hisses angrily.
The frilled lizard barely misses you.
You scratch the frilled lizard.
You kill the frilled lizard!
No target in view!
No target in view!
Are you sure you want to abandon this character and quit the game? (Confirm with "yes".)

#......#........# #...
#......#........# ###...
#......#........# #....#
#......#........###)####
#......#.=.).....÷..# #
#..........)............
#......###..#.######.###
###...####...#.## .#
#>....h......#.## .# #
#.#######.#...#.###.###
#.# #.#....#.##.##.
##'#######.#.....#.#.#.#
#..........#......#.#.#.
#..........#.......#.#..
#.....)....#........#...
#.....)....#........#...
#.....)....#....ß...#...


There were no monsters in sight!

Vanquished Creatures
  An orc priest (D:3)
  Natasha (thrice) (D:2)
  An orc wizard (D:3)
  Robin (D:2)
  2 adders
  5 orcs (D:3)
  6 bats
  4 endoplasms
  2 giant cockroaches
  11 goblins
  5 hobgoblins
  3 jackals (D:1)
  A quokka (D:1)
  2 ball pythons
  5 frilled lizards
  2 kobolds (D:1)
  4 rats
58 creatures vanquished.

Notes
Turn   | Place    | Note
-------+----------+-------------------------------------------
     0 | D:1      | Asceticacid the Felid Shapeshifter began the quest for the
                  | Orb.
     0 | D:1      | Reached XP level 1. HP: 10/10 MP: 2/2
    95 | D:1      | Reached XP level 2. HP: 13/14 MP: 3/3
   505 | D:1      | Reached XP level 3. HP: 12/18 MP: 4/4
  1124 | D:2      | Reached skill level 1 in Stealth
  1186 | D:2      | Noticed Robin
  1237 | D:1      | Reached XP level 4. HP: 11/18 MP: 5/5
  1237 | D:1      | Gained a life (2 lives remaining)
  1387 | D:2      | Killed Robin
  1411 | D:2      | Noticed Natasha
  1422 | D:2      | Killed Natasha
  1423 | D:2      | Reached skill level 4 in Unarmed Combat
  1469 | D:2      | Found a runed translucent door.
  1470 | D:2      | Noticed Crazy Yiuf
  1481 | D:2      | Noticed Natasha
  1501 | D:2      | Slain by Natasha
  1501 | D:2      | Lost a life (1 life remaining)
  1514 | D:2      | Killed Natasha
  1515 | D:2      | Reached XP level 5. HP: 15/25 MP: 6/6
  1813 | D:2      | Noticed Natasha
  1824 | D:2      | Killed Natasha
  2060 | D:3      | Killed from afar by an orc priest
  2060 | D:3      | Lost a life (0 lives remaining)
  2169 | D:3      | Found a glowing silver altar of Zin.
  2315 | D:3      | Quit the game

Illustrated notes

Levels and vault maps discovered:
D:1:      orjb1_lava_funnel, layout_basic
D:2:      layout_basic, uniq_crazy_yiuf_cottage, uniq_natasha, uniq_robin
D:3:      wad_pebble_path, layout_basic, zin_statuary, dk_noncrumbling_3

Skill      XL: |  1  2  3  4 |
---------------+-------------+-----
Shapeshifting  | 3 |  3.6
Dodging        | 3 |  3.8
Stealth        | 1 2 |  2.9
Unarmed Combat | 4 |  4.9
Fighting       | |  1.2

Action                     |  1- 3 |  4- 6 || total
---------------------------+-------+-------++-------
  Melee: Unarmed           |    72 |    56 ||   128
         Bite              |     7 |    10 ||    17
         Punch             |     1 |     2 ||     3
    Use: Scroll            |       |     5 ||     5
   Stab: Sleeping          |     4 |     1 ||     5
 Armour: Skin              |    24 |    20 ||    44
  Dodge: Dodged            |    57 |    53 ||   110

Table legend: (Time is in decaauts)
 A = Elapsed time spent in this place.
 B = Non-inter-level travel time spent in this place.
 C = Inter-level travel time spent in this place.
 D = Time resting spent in this place.
 E = Time spent auto-exploring this place.
 F = Levels seen in this place.
 G = Mean time per level.
                   A        B        C        D        E       F      G
               +--------+--------+--------+--------+--------+-----+--------+
         Total |   2311 |   2263 |     48 |     48 |   1732 |   3 |  770.3 |
       Dungeon |   2311 |   2263 |     48 |     48 |   1732 |   3 |  770.3 |
               +--------+--------+--------+--------+--------+-----+--------+

Top non-repeatable levels by time:
     D:2: 1081 daAuts
     D:1: 931 daAuts
     D:3: 298 daAuts
